woodfighter, chaotic female elven Priestess - -+---- |l...@f| -....fd- |........ |........| --......-- |...#..| -------- woodfighter the Acolyte Experience level: 3 Strength: 10 Dexterity: 13 Constitution: 14 Intelligence: 16 Wisdom: 10 Charisma: 12 Health: 0(23) Energy: 22(22) Def: 4 Gold: 221 Moves: 1511 Dungeon seed: TLJaTvisM5uAecVj Game ID: woodfighter_1534448186 Your Inventory: Coins $ - 221 gold pieces Weapons a - a blessed +1 mace (weapon in hand) Armor e - a +0 robe (being worn) n - a +0 small shield (being worn) q - a +0 elven leather helm (being worn) Comestibles c - a clove of garlic d - 2 sprigs of wolfsbane k - a fortune cookie o - 3 lichen corpses s - 2 food rations v - 3 eucalyptus leaves w - a tin of lichen Scrolls t - a scroll of scare monster u - 2 blessed scrolls of identify A - a cursed scroll of punishment Spellbooks g - a spellbook of cure sickness h - a spellbook of detect monsters i - a spellbook of protection l - a spellbook of healing Potions b - 4 potions of holy water m - a potion of levitation r - a cursed potion of paralysis z - a potion of object detection Wands f - a wand of cancellation (0:1) p - a wand of make invisible (0:4) x - a wand of teleportation (0:6) Tools j - a wooden flute Spells and supernatural/magical abilities: Name Level Category Fail Memory n - detect monsters 1 divination 0% 93% p - protection 1 clerical 0% 93% K - cure sickness 3 healing 90% 93% W - pray for help -- divine ? -- X - turn undead -- divine ? -- Your skills at the end: Miscellaneous Skills shield [Basic] wands [Basic] Weapon Skills mace [Basic] Spellcasting Skills clerical spells [Basic] Final Attributes: You were piously aligned. You had infravision. You were stealthy. You are dead. Vanquished creatures: a giant bat 2 coyotes a hobgoblin 2 yellow molds 8 jackals 6 newts 3 goblins 5 grid bugs 3 lichens 31 creatures vanquished. Voluntary challenges: You did not adorn yourself with jewelry or accessories. You did not cause conflict. You were not invisible. You did not have reflection. You were not displaced. You were an atheist. You used a wielded weapon 30 times, starting on turn 117. You did not use tools. You did not use plumbed fixtures. You did not drink any magical draughts. You were illiterate. You never genocided any monsters. You never polymorphed an object. You never changed form. You used no wishes. You never split a pudding. You never wrote Elbereth's name. You never violated your personal moral code. Dungeon overview: The Dungeons of Doom: levels 1 to 5 Level 1 an altar to Huhetotl, a fountain a long staircase Level 2 (water) stairs to The Gnomish Mines Level 3 Level 4 Level 5 <- You were here a sink The Gnomish Mines: Level 3 stairs to The Dungeons of Doom History has recorded: On T:1 you entered the Dungeons of Doom to retrieve the Amulet of Yendor! On T:84 you reached level 2 of The Dungeons of Doom. On T:467 you reached level 1 of The Gnomish Mines. On T:490 you advanced to experience level 2. On T:768 you reached level 3 of The Dungeons of Doom. On T:888 you advanced to experience level 3. On T:1084 you reached level 4 of The Dungeons of Doom. On T:1510 you reached level 5 of The Dungeons of Doom. Score breakdown: Gold: 221 ( 22 points) Experience: 3 levels ( 200 points) Exploration: 5 levels ( 120 points) Discoveries: 9 items ( 450 points) Variety of kills: 9 monsters ( 450 points) Major goal: (nothing yet) ( 0 points) Survival: died (score multiplied by 3) Total score: 3726 Latest messages: The coyote just misses! The coyote bites! You kill the coyote! The coyote bites! You kill the coyote! You see here a large box. Hmmm, it seems to be locked. A trap door in the ceiling opens and a rock falls on your head! Your elven leather helm does not protect you. THUD! You break open the lock! You see here a large box. You carefully open the large box... A - a cursed scroll labeled PATENT PENDING. Kitty misses the kitten. The jackal bites! The kitten bites! Kitty misses the kitten. You hit the jackal. Kitty bites the kitten. The kitten misses kitty. The jackal bites! The kitten bites! (2x) You die... Final status: Goodbye woodfighter the Priestess, killed by a kitten... You died in The Dungeons of Doom on dungeon level 5 with 3726 points, and 221 pieces of gold, after 1511 moves. You were level 3 with a maximum of 23 hit points when you died.